 Dungeon Crawl Stone Soup version 0.31-b1-17-gcfd88c8481 (webtiles) character file.

Game seed: 7765670530149471550

12114 jjjjhere the Grappler (level 11, -2/75 HPs)
             Began as a Demonspawn Shapeshifter on Jan 16, 2024.
             Was an Elder of Okawaru.
             Succumbed to Amaemon's poison
             ... on level 2 of the Lair of Beasts.
             The game lasted 00:18:36 (8816 turns).

jjjjhere the Grappler (Demonspawn Shapeshifter)     Turns: 8816, Time: 00:18:36

Health: -2/75      AC: 20    Str: 19    XL:     11   Next: 58%
Magic:  17/17      EV:  9    Int: 10    God:    Okawaru [****..]
Gold:   592        SH:  0    Dex: 13    Spells: 7/10 levels left

rFire   + .          .
                       - Unarmed
rCold   . . .        (no shield)
rNeg    . . .        G - +2 plate armour {rF+}
rPois   .            (helmet currently unavailable)
rElec   .            (cloak currently unavailable)
rCorr   .            (gloves currently unavailable)
SInv    +            (boots currently unavailable)
Will    +....        u - amulet of regeneration Stlth
                     D - ring of willpower
HPRegen 1.12/turn    s - ring of see invisible
MPRegen 0.15/turn

%: no passive effects
@: confused, lethally poisoned (-2 -> -36), beast-form, heroic, ambrosia-drunk,
slowed, very slow
A: beast (slay +4), horns 2, yellow scales 2, spiny 1, demonic magic 1
a: Begin Untransformation, Renounce Religion, Heroism, Finesse


You were on level 2 of the Lair of Beasts.
You worshipped Okawaru.
Okawaru was greatly pleased with you.
You were a hulking beast.
You visited 3 branches of the dungeon, and saw 14 of its levels.

You collected 662 gold pieces.
You spent 70 gold pieces at shops.

Inventory:

Missiles
 B - 7 boomerangs (quivered)
 F - 3 datura-tipped darts
Armour
 f - a +0 ring mail
 j - a +0 pair of boots
 x - a +0 plate armour
 G - a +2 plate armour of fire resistance (worn)
Jewellery
 s - a ring of see invisible (right hand)
 u - an amulet of regeneration (around neck)
 D - a ring of willpower (left hand)
 L - a ring of flight
Talismans
 c - a beast talisman
 d - a flux talisman
Wands
 p - a wand of iceblast (12)
 H - a wand of mindburst (5)
Scrolls
 a - a scroll of immolation {unknown}
 g - a scroll of revelation {unknown}
 h - 3 scrolls of teleportation
 k - a scroll of fear {unknown}
 o - 2 scrolls of amnesia {unknown}
 t - a scroll of poison {unknown}
 v - a scroll of torment {unknown}
 w - 2 scrolls of enchant weapon {unknown}
 y - 3 scrolls of vulnerability {unknown}
 z - a scroll of butterflies {unknown}
 A - a scroll of blinking {unknown}
 C - a scroll of enchant armour {unknown}
 I - a scroll of noise {unknown}
 J - a scroll of fog {unknown}
 M - a scroll of silence {unknown}
Potions
 b - 2 potions of lignification
 e - 3 potions of enlightenment
 l - a potion of might
 m - 3 potions of mutation
 n - 4 potions of attraction
 q - 2 potions of haste
 r - 2 potions of brilliance


   Skills:
 + Level 3.6(8.6) Fighting
 + Level 7.8(12.8) Armour
 - Level 1.7(6.7) Dodging
 - Level 11.0(16.0) Unarmed Combat
 - Level 8.9 Invocations
 - Level 8.1 Shapeshifting


You had 7 spell levels left.
You knew the following spells:

 Your Spells              Type           Power      Damage    Failure   Level
a - Confusing Touch       Hex            0%         N/A       100%        3

Your spell library contained the following spells:

 Spells                   Type           Power      Damage    Failure   Level
 Kiss of Death            Conj/Necr      0%         2d5       99%         1
 Ensorcelled Hibernation  Hex/Ice        0%         N/A       100%        2
 Sublimation of Blood     Necr           0%         N/A       100%        2
 Passwall                 Erth           0%         N/A       100%        3
 Swiftness                Air            0%         N/A       100%        3
 Dispel Undead            Necr           0%         3d6       100%        4
 Call Imp                 Summ           Unusable   N/A       N/A         2
 Summon Hydra             Summ           Unusable   N/A       N/A         7

Dungeon Overview and Level Annotations

Branches:
Dungeon (9/15)             Temple (1/1) D:7            Lair (4/5) D:8
 Shoals (0/4) Lair:2        Snake (0/4) Lair:2
  Slime: Lair:4-5       Orc: D:9-12

Altars:
Ashenzari
Cheibriados
Dithmenos
Fedhas
Gozag
Hepliaklqana
Kikubaaqudgha
Makhleb
Nemelex Xobeh
Okawaru
Qazlal
Ru
Trog
Uskayaw
Vehumet
Wu Jian
Xom
Yredelemnul

Shops:
D:2 ?   D:4 [

Annotations:
D:8 3 runed translucent doors, middlethird's ghost, novice VSEE
Lair:2 exclusion: 2 lava snakes, Amaemon


Innate Abilities, Weirdness & Mutations

You are a hulking beast.
Your limbs bulge with bestial killing power. (Slay +4)
You have a pair of horns on your head.
You are mostly covered in yellow scales. (AC +3)
You are partially covered in sharp spines.
Spells you cast may paralyse adjacent enemies.


Message History

You are poisoned.
Amaemon barely misses you.
Amaemon tail-slaps you but does no damage.
The orange demon stings you but does no damage.
You punch Amaemon! Your punch misses Amaemon.
Amaemon is heavily wounded.
You feel very sick.
Amaemon hits you with a +0 demon whip of venom!
* * * LOW HITPOINT WARNING * * *
You are more poisoned.
Amaemon claws you.
* * * LOW HITPOINT WARNING * * *
Amaemon tail-slaps you but does no damage.
The orange demon stings you from afar.
* * * LOW HITPOINT WARNING * * *
You are lethally poisoned!
You have difficulty breathing.
* * * LOW HITPOINT WARNING * * *
You feel as though you will be slow longer.
You feel much better.
* * * LOW HITPOINT WARNING * * *
You feel extremely sick. Amaemon hits you but does no damage.
You are more poisoned.
Amaemon claws you.
* * * LOW HITPOINT WARNING * * *
Amaemon tail-slaps you but does no damage.
The orange demon stings you but does no damage.
Amaemon is struck by your spines.
Amaemon hits you with a +0 demon whip of venom.
* * * LOW HITPOINT WARNING * * *
You are more poisoned.
Amaemon claws you but does no damage.
Amaemon tail-slaps you but does no damage.
The orange demon stings you but does no damage.
Okay, then.
Okay, then.
You are confused.
You feel invigorated.
You die...

........# .........######
#### ..........##..###..P#
.....................
.....................
.....................
..........4..........
.........6##.###.###.
........h##### ##.......##
#........# ####
#........## ##..##
#........P######
#.P..###........##.#..##
#.....P##........##....##
......###.......##......##
.......~#†.......#(......#


You could see Amaemon and an orange demon (curare).

Vanquished Creatures
  Harold (Lair:2)
  A salamander (Lair:2)
  A black mamba (Lair:2)
  Maggie (D:8)
  A cane toad (Lair:1)
  4 komodo dragons
  A hornet (D:8)
  5 dream sheep
  6 blink frogs
  A wraith (D:9)
  13 yaks
  3 wyverns
  A steam dragon (D:8)
  Menkaure (D:7)
  An acid dragon (D:9)
  7 water moccasins
  3 black bears
  An ice beast (D:6)
  4 orc warriors
  2 sky beasts (D:6)
  5 wolves (Lair:2)
  An ogre (D:5)
  A phantom (D:5)
  2 centaurs
  A kobold brigand (D:8)
  4 bullfrogs
  A scorpion (D:5)
  4 wights (D:8)
  6 killer bees (D:9)
  4 howler monkeys
  7 orc priests
  2 bombardier beetles
  A hound (D:5)
  A jelly (D:5)
  A sleepcap (D:6)
  An iguana (D:5)
  8 orc wizards
  7 adders
  4 gnolls (D:4)
  A shadow imp (D:6)
  2 white imps
  2 ufetubi (D:6)
  3 dart slugs
  3 ribbon worms
  36 orcs
  9 ball pythons
  3 endoplasms
  A giant cockroach (D:1)
  6 goblins
  A hobgoblin (D:3)
  3 jackals (D:1)
  6 kobolds
  2 quokkas
  2 bats (D:3)
  A frilled lizard (D:1)
  5 rats
205 creatures vanquished.

Notes
Turn   | Place    | Note
-------+----------+-------------------------------------------
     0 | D:1      | jjjjhere the Demonspawn Shapeshifter began the quest for
                  | the Orb.
     0 | D:1      | Reached XP level 1. HP: 15/15 MP: 1/1
   187 | D:1      | Reached skill level 3 in Unarmed Combat
   190 | D:1      | HP: 4/15 [jackal (1)]
   192 | D:1      | Gained mutation: You are partially covered in yellow
                  | scales. (AC +2) [demonic ancestry]
   192 | D:1      | Reached XP level 2. HP: 6/21 MP: 2/2
   993 | D:2      | Gained mutation: You are partially covered in sharp spines.
                  | [demonic ancestry]
   993 | D:2      | Reached XP level 3. HP: 20/26 MP: 3/3
  1305 | D:2      | Found Gunkoyps's Magic Scroll Boutique.
  1313 | D:2      | Bought a scroll of identify for 28 gold pieces
  1313 | D:2      | Bought a scroll of teleportation for 42 gold pieces
  1731 | D:3      | Gained mutation: You have a pair of small horns on your
                  | head. [demonic ancestry]
  1731 | D:3      | Reached XP level 4. HP: 32/32 MP: 4/4
  1826 | D:3      | Reached skill level 4 in Unarmed Combat
  1926 | D:3      | Found a faded altar of an unknown god.
  2235 | D:3      | Found a basalt altar of Yredelemnul.
  2494 | D:4      | Gained mutation: Spells you cast may paralyse adjacent
                  | enemies. [demonic ancestry]
  2494 | D:4      | Reached XP level 5. HP: 37/37 MP: 5/5
  2758 | D:4      | Found Pebedgh's Armour Shop.
  2945 | D:4      | Found a shadowy altar of Dithmenos.
  2945 | D:4      | Found a bloodstained altar of Trog.
  3130 | D:5      | Entered Level 5 of the Dungeon
  3217 | D:5      | Noticed a phantom
  3227 | D:5      | Killed a phantom
  3228 | D:5      | Gained mutation: You have a pair of horns on your head.
                  | [demonic ancestry]
  3228 | D:5      | Reached XP level 6. HP: 40/43 MP: 6/6
  3319 | D:5      | Reached skill level 5 in Unarmed Combat
  3533 | D:5      | Reached skill level 5 in Shapeshifting
  3533 | D:5      | Gained mutation: You are mostly covered in yellow scales.
                  | (AC +3) [demonic ancestry]
  3533 | D:5      | Reached XP level 7. HP: 33/48 MP: 7/7
  3581 | D:5      | Learned a level 3 spell: Confusing Touch
  3765 | D:6      | Reached skill level 6 in Unarmed Combat
  4308 | D:6      | Reached XP level 8. HP: 50/54 MP: 8/8
  4692 | D:7      | Reached skill level 7 in Unarmed Combat
  4737 | D:7      | Found a staircase to the Ecumenical Temple.
  4753 | Temple   | Entered the Ecumenical Temple
  4780 | Temple   | Became a worshipper of Warmaster Okawaru
  4994 | D:7      | Noticed Menkaure
  5005 | D:7      | You fall into a shaft and drop 2 floors!
  5130 | D:9      | Reached skill level 8 in Unarmed Combat
  5190 | D:9      | HP: 17/54 [wyvern (5)]
  5194 | D:9      | Reached XP level 9. HP: 22/59 MP: 9/9
  5405 | D:9      | HP: 17/59 [acid dragon/splash of acid (15)]
  5430 | D:9      | Reached * piety under Okawaru
  5435 | D:9      | HP: 16/59 [killer bee (4)]
  5741 | D:7      | Reached skill level 1 in Invocations
  5913 | D:7      | Killed Menkaure
  5914 | D:7      | Reached skill level 9 in Unarmed Combat
  6100 | D:8      | Found a runed translucent gate.
  6100 | D:8      | Found a runed translucent gate.
  6101 | D:8      | Found a runed translucent gate.
  6103 | D:8      | Noticed middlethird's ghost (novice VSEE)
  6183 | D:8      | Noticed Maggie
  6201 | D:8      | Killed Maggie
  6202 | D:8      | Reached skill level 5 in Invocations
  6426 | D:8      | Noticed a spectral unseen horror
  6468 | D:8      | Reached ** piety under Okawaru
  6469 | D:8      | Reached skill level 1 in Armour
  6477 | D:8      | Noticed a komodo dragon
  6481 | D:8      | Reached XP level 10. HP: 59/65 MP: 14/14
  6500 | D:8      | Reached skill level 10 in Unarmed Combat
  6511 | D:8      | Found a staircase to the Lair.
  6586 | D:8      | Paralysed by a hornet for 3 turns
  6923 | Lair:1   | Entered Level 1 of the Lair of Beasts
  6990 | Lair:1   | Noticed a cane toad
  7013 | Lair:1   | Killed a cane toad
  7139 | Lair:1   | HP: 18/65 [komodo dragon (18)]
  7159 | Lair:1   | HP: 20/65 [blink frog (6)]
  7164 | Lair:1   | HP: 7/65 [blink frog (4)]
  7368 | Lair:1   | Reached *** piety under Okawaru
  7538 | Lair:1   | Reached skill level 5 in Armour
  7538 | Lair:1   | Reached skill level 11 in Unarmed Combat
  7990 | Lair:2   | Reached **** piety under Okawaru
  8237 | Lair:2   | Reached XP level 11. HP: 74/74 MP: 15/15
  8239 | Lair:2   | You fall into a shaft and drop 2 floors!
  8265 | Lair:4   | Noticed a seven-headed hydra
  8306 | Lair:2   | Noticed Harold
  8355 | Lair:2   | Killed Harold
  8477 | Lair:2   | Found a staircase to the Snake Pit.
  8491 | Lair:2   | Reached ***** piety under Okawaru
  8726 | Lair:2   | Found a staircase to the Shoals.
  8802 | Lair:2   | Noticed Amaemon
  8812 | Lair:2   | HP: 23/75 [orange demon[Amaemon] (6)]
  8814 | Lair:2   | HP: 6/75 [asphyx]
  8816 | Lair:2   | Succumbed to Amaemon's poison

Illustrated notes

Levels and vault maps discovered:
D:1:      amcnicky_arrival_flooded_fountain, layout_loops_ring,
          minmay_misc_feat_tower
D:2:      layout_rooms, serial_bayou, serial_bayou_lake_a, serial_bayou_shore_b,
          serial_bayou_crossing, serial_bayou_shore_b, serial_shops, shop,
          minmay_octomino_e4
D:3:      cheibrodos_pilgrimage, layout_loops_ring, kennysheep_ying_yang,
          shapermc_ecumenical_altar_ellora, minmay_misc_feat_tiny, dk_vineyard_2
D:4:      layout_cave_pools, nicolae_overflow_hidden_temple, serial_shops,
          nicolae_shop_trees
D:5:      layout_rooms, nicolae_zig_zag_zippers
D:6:      layout_cave_pools
D:7:      layout_cave_pools, minmay_temple_entry_statues_fountains,
          uniq_menkaure
D:8:      layout_loops_ring, david_lair_shrubbed, gammafunk_ghost_necromancy,
          uniq_maggie
D:9:      layout_loops_ring, grunt_ministairs_12, hex_tiny,
          chequers_serial_rivers_micro_d
Temple:   bh_familiar_temple
Lair:1:   layout_regular_city
Lair:2:   layout_hall_layers, elwin_shoals_entry_rocks,
          nicolae_snake_entry_warm_welcome, beast_lair_carwin_3, uniq_harold,
          uniq_amaemon
Lair:3:   layout_roguey, minivault_25, chequers_serial_rivers_large_b,
          uniq_nessos
Lair:4:   nzn_winding_woodlands_stair_cross [nzn_winding_woodlands_5x15_pockets,
          nzn_winding_woodlands_center_lodge,
          nzn_winding_woodlands_5x15_sawtooth, nzn_winding_woodlands_5x5_three,
          nzn_winding_woodlands_5x5_perimeter,
          nzn_winding_woodlands_5x15_parted,
          nzn_winding_woodlands_center_pierced_h,
          nzn_winding_woodlands_5x15_jagged], layout_cave_pods, basic_altar,
          nicolae_lair_run_with_the_wolves, infiniplex_staircase_pool_2

Skill      XL: |  1  2  3  4  5  6  7  8  9 10 11 |
---------------+----------------------------------+-----
Unarmed Combat | 3 4 5 6 8 9 11 | 11.0
Shapeshifting  | 3 4 5 6 7 8 |  8.1
Invocations    | 5 6 8 |  8.9
Armour         | 1 5 7 |  7.8
Fighting       | 2 3 |  3.6
Dodging        | |  1.7

Action                     |  1- 3 |  4- 6 |  7- 9 | 10-12 || total
---------------------------+-------+-------+-------+-------++-------
  Melee: Unarmed           |    88 |    82 |   205 |   176 ||   551
         Punch             |     4 |     2 |    14 |    17 ||    37
         Headbutt          |       |    17 |    40 |    29 ||    86
  Throw: Boomerang         |       |     4 |     5 |    14 ||    23
 Invoke: Heroism           |       |       |     1 |     5 ||     6
         Finesse           |       |       |       |     1 ||     1
  Evoke: Wand              |       |       |       |     3 ||     3
    Use: Scroll            |     3 |     6 |     2 |     1 ||    12
         Potion            |       |       |     4 |     5 ||     9
   Stab: Invisible         |       |       |     1 |       ||     1
 Armour: Ring mail         |    48 |    21 |       |       ||    69
         Animal skin       |     1 |       |       |       ||     1
         Plate armour      |       |    21 |   210 |   196 ||   427
  Dodge: Dodged            |    43 |    23 |    54 |    49 ||   169
